 Dungeon Crawl Stone Soup version 0.22.0-25-g7663229ff0 (webtiles) character file.

313 Kirk the Magician (level 6, -1/41 HPs)
             Began as a Demonspawn Wizard on Aug 20, 2018.
             Slain by Grinder (5 damage)
             ... while paralysed by Grinder
             ... on level 3 of the Dungeon.
             The game lasted 00:08:55 (2947 turns).

Kirk the Magician (Demonspawn Wizard)               Turns: 2947, Time: 00:08:55

Health: -1/41      AC:  4    Str:  7    XL:     6   Next: 19%
Magic:  13/13      EV:  2    Int: 22    God:
Gold:   38         SH:  0    Dex: 11    Spells: 5/14 levels left

rFire    . . .     SeeInvis .   c - +0 dagger
rCold    . . .     Gourm    .   (no shield)
rNeg     . . .     Faith    .   a - +0 robe
rPois    .         Spirit   .   i - +2 hat
rElec    .         Reflect  .   (no cloak)
rCorr    .         Harm     .   (no gloves)
MR       .....                  (no boots)
Stlth    ++........             n - amulet of magic regeneration
HPRegen  0.13/turn              (no ring)
MPRegen  0.38/turn              (no ring)

@: paralysed
A: powered by death 1
a: no special abilities


You were on level 3 of the Dungeon.
You were not hungry.

You visited 1 branch of the dungeon, and saw 3 of its levels.

You collected 38 gold pieces.

Inventory:

Hand Weapons
 c - a +0 dagger (weapon)
Missiles
 l - 10 poisoned needles
Armour
 a - a +0 robe (worn)
 b - a +0 hat
 i - a +2 hat (worn)
 q - a +3 leather armour of magic resistance
Jewellery
 m - an uncursed amulet of harm {unknown}
 n - an amulet of magic regeneration (around neck)
Wands
 r - a wand of digging (7)
Scrolls
 f - 5 scrolls of identify
 h - a scroll of remove curse
 j - 2 scrolls of amnesia
Potions
 o - 2 potions of brilliance {unknown}
 p - a potion of cancellation {unknown}
Comestibles
 d - 3 rations
 k - a chunk of flesh


   Skills:
 + Level 0.7 Short Blades
 - Level 1.7 Dodging
 - Level 1.7 Stealth
 + Level 4.8 Spellcasting
 * Level 4.5 Conjurations
   Level 1.0 Summonings
 + Level 0.8 Translocations


You had 5 spell levels left.
You knew the following spells:

 Your Spells              Type           Power        Failure   Level  Hunger
a - Magic Dart            Conj           ####         1%          1    None
b - Blink                 Tloc           N/A          11%         2    None
c - Conjure Flame         Conj/Fire      ###.....     12%         3    ##.....
d - Mephitic Cloud        Conj/Pois/Air  ##......     17%         3    ##.....

Your spell library contained the following spells:

 Spells                   Type           Power        Failure   Level  Hunger
 Call Imp                 Summ           #.......     11%         2    None
 Slow                     Hex            #.......     16%         2    None


Dungeon Overview and Level Annotations

Branches:
Dungeon (3/15)

Altars:

Annotations:
D:3 Grinder


Innate Abilities, Weirdness & Mutations

You regenerate a little health from kills.


Message History

Confirm with . or Enter, or press ? or * to list all spells.
Aiming: Magic Dart (safe; 1% risk of failure)
Press: ? - help, Shift-Dir - straight line, f - Grinder
Aim: Grinder The magic dart hits Grinder.
Grinder hits you!
As you read the scroll of fear, it crumbles to dust.
You assume a fearsome visage.
Grinder is unaffected.
Grinder barely misses you.
As you read the scroll labeled PULOSE VIOZUO, it crumbles to dust.
You feel aware of your surroundings.
It was a scroll of magic mapping.
Grinder gestures at you.
You suddenly lose the ability to move!
Grinder hits you.
You writhe in agony.
Grinder gestures at you. You resist with significant effort.
Grinder grins, showing sharp teeth.
Grinder blinks!
Grinder hits you!
* * * LOW HITPOINT WARNING * * *
You writhe in agony.
You die...

#.....##..)))#,g..
#............#,g..
#.....###....#,...
##..####....†#,g.g
#...# #.....#,...
#.#.# #.....#,8.8
####.#.## #.....#####
#..5)...###..........
#...@...#..÷.........
#....§..#............
#.....).#............
#...[.).#..........>.
#.............÷<.....
#...........(........
#.........##.÷.......
##....[...###÷.......
#...........†<..####


You could see Grinder.

Vanquished Creatures
  An orc warrior (D:3)
  Ijyb (D:3)
  Terence (D:2)
  5 adders
  2 oozes
  2 worms
  4 dart slugs
  4 leopard geckos
  15 orcs
  A ball python (D:1)
  11 goblins
  5 hobgoblins
  6 jackals
  10 kobolds
  7 bats
  6 frilled lizards
  8 rats
89 creatures vanquished.

Notes
Turn   | Place    | Note
-------+----------+-------------------------------------------
     0 | D:1      | Kirk the Demonspawn Wizard began the quest for the Orb.
     0 | D:1      | Reached XP level 1. HP: 13/13 MP: 4/4
   191 | D:1      | Gained mutation: You regenerate a little health from kills. [demonic ancestry]
   191 | D:1      | Reached XP level 2. HP: 18/19 MP: 0/6
   811 | D:1      | Reached XP level 3. HP: 24/24 MP: 2/8
  1126 | D:1      | Learned a level 2 spell: Blink
  1130 | D:1      | Learned a level 3 spell: Conjure Flame
  1134 | D:1      | Learned a level 3 spell: Mephitic Cloud
  1476 | D:2      | Reached XP level 4. HP: 12/30 MP: 0/10
  1646 | D:2      | Noticed Terence
  1658 | D:2      | Killed Terence
  2191 | D:3      | Reached XP level 5. HP: 34/35 MP: 6/11
  2575 | D:3      | Noticed an orc warrior
  2594 | D:3      | Killed an orc warrior
  2594 | D:3      | Reached XP level 6. HP: 41/41 MP: 1/13
  2689 | D:3      | Noticed Ijyb
  2733 | D:3      | Killed Ijyb
  2772 | D:3      | Noticed Grinder
  2925 | D:3      | Paralysed by Grinder for 4 turns
  2936 | D:3      | Paralysed by Grinder for 4 turns
  2943 | D:3      | Paralysed by Grinder for 7 turns
  2947 | D:3      | Slain by Grinder

Skill      XL: |  1  2  3  4  5 |
---------------+----------------+-----
Conjurations   | 2 3 4 |  4.5
Spellcasting   | 4 |  4.8
Short Blades   | |  0.7
Dodging        | |  1.7
Stealth        | |  1.7
Summonings     | |  1.0
Translocations | |  0.8

Action                   |  1- 3 |  4- 6 || total
-------------------------+-------+-------++-------
Melee: Dagger            |    38 |    40 ||    78
 Cast: Magic Dart        |    81 |   151 ||   232
       Mephitic Cloud    |       |     7 ||     7
       Conjure Flame     |       |     1 ||     1
  Use: Scroll            |     6 |     2 ||     8
       Potion            |     1 |     1 ||     2
 Stab: Sleeping          |     1 |       ||     1
       Confused          |       |     1 ||     1
  Eat: Chunk             |     1 |     6 ||     7
Armor: Robe              |    10 |    25 ||    35
Dodge: Dodged            |    37 |    75 ||   112
